 Dungeon Crawl Stone Soup version 0.18-a0-884-gb6cfd45 (webtiles) character file.

98 M4edhros the Sneak (level 4, 0/28 HPs)
             Began as an Octopode Artificer on Dec 22, 2015.
             Slain by Blork the orc
             ... wielding a +0 vampiric trident
              (5 damage)
             ... on level 4 of the Dungeon.
             The game lasted 00:02:12 (837 turns).

M4edhros the Sneak (Octopode Artificer)              Turns: 837, Time: 00:02:12

Health: 0/28       AC:  1    Str: 10    XL:     4   Next: 69%
Magic:  15/15      EV: 13    Int: 20    God:
Gold:   57         SH:  0    Dex: 12    Spells: 0 memorised, 3 levels left

rFire  . . .     SeeInvis .     a - +0 short sword
rCold  . . .     Gourm    .     (no shield)
rNeg   . . .     Faith    .     (helmet restricted)
rPois  .         Spirit   .     (no amulet)
rElec  .         Dismiss  .     j - ring of magical power
rCorr  .         Reflect  .     (no ring)
SustAt .         Harm     .     (no ring)
MR     .....                    (no ring)
Stlth  ++++......               (no ring)
                                (no ring)
                                (no ring)
                                (no ring)

@: brilliant, not resistant to hostile enchantments, stealthy
A: almost no armour, amphibious, 8 rings, constrict 8, camouflage 1, gelatinous
body 1
a: no special abilities


You were on level 4 of the Dungeon.
You were not hungry.

You visited 1 branch of the dungeon, and saw 4 of its levels.

You collected 57 gold pieces.

Inventory:

Hand Weapons
 a - a +0 short sword (weapon)
Jewellery
 j - a ring of magical power (left tentacle)
Wands
 b - a wand of flame (13/48)
 c - a wand of enslavement (12/24)
 d - a wand of random effects (15/48)
Scrolls
 g - a scroll of fear {unknown}
 i - 4 scrolls of identify {unknown}
Comestibles
 f - a bread ration
 h - a meat ration


   Skills:
 - Level 1.0 Fighting
 - Level 1.0 Short Blades
 * Level 3.3 Dodging
 * Level 4.1 Stealth
 + Level 3.8 Evocations


You had 3 spell levels left.
You didn't know any spells.

Dungeon Overview and Level Annotations

Branches:
Dungeon (4/15)
 Temple: D:4-7

Altars:
Gozag
Kikubaaqudgha

Annotations:
D:3 cluie's ghost, amateur DsIE
D:4 Blork the orc


Innate Abilities, Weirdness & Mutations

You cannot wear most types of armour.
You are amphibious.
You can wear up to eight rings at the same time.
You can use your tentacles to constrict eight enemies at once.
Your skin changes colour to match your surroundings (Stealth).
Your rubbery body absorbs attacks (AC +1).


Message History

Unknown command.
Evoke which item? (* to show all) (? for menu, Esc to quit)
Zapping:
c - a wand of enslavement (13/24)
Press: ? - help, Shift-Dir - straight line The worker ant is charmed.
This wand has 12 charges left.
Your worker ant is engulfed in roaring flames.
You kill your worker ant!
Your Stealth skill increases to level 4!
You barely miss the giant newt. Your grab misses the giant newt.
The giant newt bites you.
* * * LOW HITPOINT WARNING * * *
Evoke which item? (* to show all) (? for menu, Esc to quit)
Zapping:
c - a wand of enslavement (12/24)
Press: ? - help, Shift-Dir - straight line, f - giant newt
Aim: a giant newt (chance to defeat MR: 85%)
Okay, then.
You hit the giant newt.
You kill the giant newt!
Something hits you.
You die...

#.# #.#
#########+#########.#
.......... .........
#....... ######.#
#.....##### #... #
#.........# #...
####.#.....###.### #...
.......@.........# #...
#.#........###.#.# #...
#...†....# #.#.## #...
#........# #.#..###†..
#....b...# #.#.......#
...........##.#...###.#
#......#....##.#.#.###.#
#?.§§..#....#..#.#..##.#
#..§§§. ....# #.##.##.#


There were no monsters in sight!

Vanquished Creatures
  3 worker ants (D:4)
  An adder (D:2)
  3 bats
  A hobgoblin (D:2)
  6 jackals
  3 giant cockroaches (D:1)
  A giant newt (D:4)
  A quokka (D:2)
  A rat (D:2)
  2 butterflies (D:4)
22 creatures vanquished.

Vanquished Creatures (collateral kills)
  A butterfly (D:4)
1 creature vanquished.

Grand Total: 23 creatures vanquished

Notes
Turn   | Place    | Note
--------------------------------------------------------------
     0 | D:1      | M4edhros the Octopode Artificer began the quest for the Orb.
     0 | D:1      | Reached XP level 1. HP: 13/13 MP: 3/3
   198 | D:1      | Reached XP level 2. HP: 13/18 MP: 4/4
   581 | D:3      | Noticed cluie's ghost (amateur DsIE)
   628 | D:3      | Found an opulent altar of Gozag.
   630 | D:3      | Found an ancient bone altar of Kikubaaqudgha.
   668 | D:4      | Reached XP level 3. HP: 11/23 MP: 5/5
   694 | D:4      | Reached XP level 4. HP: 14/28 MP: 6/6
   804 | D:4      | Noticed Blork the orc
   834 | D:4      | Reached skill level 4 in Stealth
   837 | D:4      | Slain by Blork the orc

Vault maps used:
D:1:      lightli_arrival_flooded_house
D:2:      bloody_trog, first_bread, uniq_sigmund
D:3:      lemuel_round_altar, nicolae_overflow_hidden_temple
D:4:      minmay_temple_entry_butterflies, nicolae_ossuary_entry_monument,
          uniq_blork_the_orc

Action                   |  1- 3 |  4- 6 || total
-------------------------+-------+-------++-------
Melee: Short sword       |    40 |     4 ||    44
Evoke: Wand              |     2 |     3 ||     5
  Use: Potion            |     1 |     1 ||     2
       Scroll            |       |     1 ||     1
 Stab: Sleeping          |     1 |       ||     1
